 Dungeon Crawl Stone Soup version 0.18-a0-1800-gdc7a371 (webtiles) character file.

65 tyvek the Magician (level 3, 0/16 HPs)
             Began as a Spriggan Enchanter on Apr 25, 2016.
             Slain by an orc
             ... wielding a +0 whip
              (3 damage)
             ... on level 3 of the Dungeon.
             The game lasted 00:04:05 (2412 turns).

tyvek the Magician (Spriggan Enchanter)             Turns: 2412, Time: 00:04:06

Health: 0/16       AC:  3    Str:  4    XL:     3   Next: 92%
Magic:  6/10       EV: 18    Int: 17    God:
Gold:   85         SH:  0    Dex: 16    Spells: 4 memorised, 2 levels left

rFire  . . .     SeeInvis +     a - +1 short sword (venom)
rCold  . . .     Gourm    .     b - +1 robe
rNeg   . . .     Faith    .     (shield restricted)
rPois  .         Spirit   .     (helmet restricted)
rElec  .         Dismiss  .     (no cloak)
rCorr  +         Reflect  .     (gloves unavailable)
SustAt .         Harm     .     (boots unavailable)
MR     +....                    (no amulet)
Stlth  +++.......               i - ring of resist corrosion
                                k - ring of protection from magic {MR+, !d}

@: very slightly contaminated, very quick, somewhat resistant to hostile
enchantments, fairly stealthy
A: unfitting armour, see invisible, herbivore 3, speed 3, slow metabolism 2
a: no special abilities


You were on level 3 of the Dungeon.
You were not hungry.

You visited 1 branch of the dungeon, and saw 3 of its levels.

You collected 85 gold pieces.

Inventory:

Hand Weapons
 a - a +1 short sword of venom (weapon)
   (You took it off a kobold on level 2 of the Dungeon)
Armour
 b - a +1 robe (worn)
Jewellery
 i - a ring of resist corrosion (right hand)
   (You found it on level 2 of the Dungeon)
 k - a ring of protection from magic (left hand) {MR+, !d}
   (You found it on level 1 of the Dungeon)
Scrolls
 l - a scroll of amnesia
 q - a scroll of teleportation
Potions
 e - a potion of flight
 g - 2 potions of curing {unknown}
 h - a potion of agility
 m - a potion of might {unknown}
 n - a potion of lignification {unknown}
Books
 c - a book of Maledictions
Comestibles
 d - 4 bread rations {@e1}
 j - 2 slices of pizza
 o - a royal jelly


   Skills:
 - Level 1.1 Short Blades
 - Level 3.0 Dodging
 - Level 4.4 Stealth
 * Level 4.7 Spellcasting
 + Level 4.3 Hexes


You had 2 spell levels left.
You knew the following spells:

 Your Spells              Type           Power        Failure   Level  Hunger
a - Ensorcelled Hibernat  Hex/Ice        ##....       12%         2    #......
b - Tukima's Dance        Hex            ###.....     10%         3    ###....
c - Confuse               Hex            ###.....     10%         3    ###....
v - Corona                Hex            ###....      2%          1    None


Dungeon Overview and Level Annotations

Branches:
Dungeon (3/15)

Altars:
Sif Muna


Innate Abilities, Weirdness & Mutations

You are tiny and cannot use many weapons and most armour.
You have supernaturally acute eyesight.
You are a herbivore.
You cover ground extremely quickly.
You need consume almost no food.


Message History

No target in view!
Things that are here:
a dagger; a kobold corpse
p - a sapphire ring
Things that are here:
a dagger; a kobold corpse You see here a stone.
You see here a stone.
You see here a dagger.
Done exploring.
Health restored: 16 Done exploring.
Done exploring.
Done exploring.
Put on which piece of jewellery? (? for menu, Esc to quit)
You're wearing all the rings you can.
Remove which one? (? for menu, Esc to cancel) < or
k - a ring of protection from magic {MR+, !d} > or
i - a ring of resist corrosion You remove your ring of resist corrosion.
You feel more attuned to fire.
p - a ring of fire (right hand) Drop what? 18/52 slots (_ for help) (? for menu, Esc to quit)
You remove your ring of fire {rF+, rC-}.
You drop an uncursed ring of fire {rF+, rC-}.
Put on which piece of jewellery? (? for menu, Esc to quit)
i - a ring of resist corrosion (right hand) Done exploring.
Done exploring.
Done exploring.
Done exploring.
Read which item? (? for menu, Esc to quit)
As you read the scroll labeled MEIDAS YM KIA, it crumbles to dust.
You hear whispers in an ancient language.
It was a scroll of random uselessness.
Read which item? (? for menu, Esc to quit)
As you read the scroll labeled PEIXIC UKHET, it crumbles to dust.
It is a scroll of amnesia.
Forget which spell ([?*] list [ESC] exit)?
Forget which spell ([?*] list [ESC] exit)?
Okay, then.
Unknown command.
Unknown command.
Unknown command.
Read which item? (? for menu, Esc to quit)
As you read the scroll labeled ZABBOENNUT, it crumbles to dust.
It is a scroll of recharging.
You aren't carrying any rechargeable items.
Done exploring.
Done exploring.
Done exploring.
Done exploring.
(D) Dungeon
Where to? (Enter - D:2, ? - help)
There is a stone staircase leading down here.
You climb downwards. 3 orcs and an orc priest come into view.
There is a stone staircase leading up here.
The orc shouts! x3
The orc priest looks braver for a moment.
You hit the orc.
The orc is poisoned.
The orc barely misses you. The orc closely misses you. The orc misses you.
You hit the orc.
You kill the orc!
The orc barely misses you. The orc hits you with a whip.
You take 4 damage, and have 12/16 hp.
MASSIVE DAMAGE!!
You hit the orc. The orc hits you with a whip. The orc closely misses you.
You take 2 damage, and have 10/16 hp.
Aim: an orc priest, wielding a falchion and wearing a leather armour (chance to defeat MR: 42%)
The orc priest resists with some effort.
The orc closely misses you. The orc completely misses you.
The orc priest completely misses you.
You now have 8/10 mp.
You miscast Ensorcelled Hibernation.
You are very lightly contaminated with residual magic.
Nothing appears to happen.
The orc completely misses you. The orc barely misses you.
The orc priest hits you with a falchion.
Unknown command.
You take 2 damage, and have 8/16 hp.
You now have 6/10 mp.
Unknown command.
You hit the orc priest.
The orc priest is poisoned.
The orc barely misses you. The orc hits you with a whip.
The orc priest mumbles some strange prayers to Beogh against you.
Pain shoots through your body!
* * * LOW HITPOINT WARNING * * *
You take 4 damage, and have 4/16 hp.
MASSIVE DAMAGE!!
You hit the orc priest but do no damage.
The orc priest looks even sicker.
The orc misses you. The orc closely misses you.
The orc priest barely misses you.
You barely miss the orc priest. The orc closely misses you.
The orc hits you with a whip.
* * * LOW HITPOINT WARNING * * *
The orc priest barely misses you.
You take 1 damage, and have 3/16 hp.
You hit the orc priest but do no damage.
The orc hits you with a whip.
You die...

#. ####.# ..
#..... #.#.
#..... %....
#.....### .....
#.......#......
#......<#......
#..............
#......@.......
#.....ooo......
###............
#.........$..
#.........###
#.######### ..
##


You could see an orc priest and 2 orcs.

Vanquished Creatures
  An adder (D:2)
  2 worms (D:2)
  A dart slug (D:2)
  A giant gecko (D:2)
  An orc (D:3)
  3 ball pythons (D:2)
  4 bats
  2 giant cockroaches (D:1)
  5 goblins
  5 hobgoblins
  2 jackals (D:2)
  7 kobolds
  A quokka (D:2)
  5 giant newts
  4 rats
44 creatures vanquished.

Notes
Turn   | Place    | Note
--------------------------------------------------------------
     0 | D:1      | tyvek the Spriggan Enchanter began the quest for the Orb.
     0 | D:1      | Reached XP level 1. HP: 9/9 MP: 5/5
    87 | D:1      | Reached skill level 3 in Spellcasting
   239 | D:1      | Reached XP level 2. HP: 13/13 MP: 5/7
   256 | D:1      | Learned a level 2 spell: Ensorcelled Hibernation
  1129 | D:2      | Reached skill level 4 in Hexes
  1156 | D:2      | Found a deep blue altar of Sif Muna.
  1266 | D:2      | Reached skill level 4 in Spellcasting
  1291 | D:2      | Reached XP level 3. HP: 16/16 MP: 3/9
  1361 | D:2      | Learned a level 3 spell: Confuse
  1365 | D:2      | Learned a level 3 spell: Tukima's Dance
  2409 | D:3      | HP: 4/16 [orc priest/nerve-wracking pain (1)]
  2412 | D:3      | Slain by an orc

Vault maps used:
D:1:      zaba_arrival_water, roderic_lattice_a
D:2:      led_sif_pool
D:3:      gammafunk_temple_overflow_pools, uniq_sigmund, uniq_grinder

Skill      XL: |  1  2 |
---------------+-------+-----
Spellcasting   | 3 4 |  4.7
Hexes          | 4 |  4.3
Short Blades   | |  1.1
Dodging        | |  3.0
Stealth        | |  4.4

Action                   || total
-------------------------++-------
Melee: Dagger            ||    52
       Short sword       ||    59
 Cast: Corona            ||     5
       Ensorcelled Hiber ||     7
  Use: Scroll            ||     7
 Stab: Sleeping          ||    16
       Distracted        ||     1
Armor: Robe              ||    12
Dodge: Dodged            ||    94

Vault maps used:
D:1:      zaba_arrival_water, roderic_lattice_a
D:2:      led_sif_pool
D:3:      gammafunk_temple_overflow_pools, uniq_sigmund, uniq_grinder

Table legend:
 A = Turns spent in this place as a percentage of turns spent in the entire game.
 B = Non-inter-level travel turns spent in this place as a percentage of non-inter-level travel turns spent in the entire game.
 C = Inter-level travel turns spent in this place as a percentage of turns spent in this place.
 D = Turns resting spent in this place as a percentage of non-inter-level travel turns spent in this place.
 E = Turns spent auto-exploring this place as a percentage of non-inter-level travel turns spent in this place.
 F = Non-inter-level travel turns spent in this place divided by the number of levels of this place that you've seen.
                   A       B       C       D       E      F
               +-------+-------+-------+-------+-------+----------------------
         Total | 100.0 | 100.0 |   0.3 |   3.0 |  14.1 | 198.3
       Dungeon | 100.0 | 100.0 |   0.3 |   3.0 |  14.1 | 198.3
               +-------+-------+-------+-------+-------+----------------------

Table legend:
 A = Kills in this place as a percentage of kills in entire the game.
 B = Kills by you in this place as a percentage of kills by you in the entire game.
 C = Kills by friends in this place as a percentage of kills by friends in the entire game.
 D = Other kills in this place as a percentage of other kills in the entire game.
 E = Experience gained in this place as a percentage of experience gained in the entire game.
 F = Experience gained in this place divided by the number of levels of this place that you have seen.
                   A       B       C       D       E      F
               +-------+-------+-------+-------+-------+----------------------
         Total | 100.0 | 100.0 |  -nan |  -nan | 100.0 |  31.0
       Dungeon | 100.0 | 100.0 |  -nan |  -nan | 100.0 |  31.0
               +-------+-------+-------+-------+-------+----------------------
